 Dungeon Crawl Stone Soup version 0.29-a0-384-g6960b1960d (webtiles) character file.

Game seed: 940384309588244065

43 Bruhh the Slasher (level 3, -5/27 HPs)
             Began as a Merfolk Gladiator on May 7, 2022.
             Slain by Natasha (8 damage)
             ... on level 2 of the Dungeon.
             The game lasted 00:02:07 (1550 turns).

Bruhh the Slasher (Merfolk Gladiator)               Turns: 1550, Time: 00:02:08

Health: -5/27      AC:  5    Str: 14    XL:     3   Next: 58%
Magic:  3/3        EV: 13    Int:  7    God:
Gold:   58         SH:  0    Dex: 17    Spells: 2/2 levels left

rFire   + . .      SeeInvis .   a - +0 long sword
rCold   + . .      Faith    .   (no shield)
rNeg    . . .      Spirit   .   b - +0 leather armour
rPois   +          Reflect  .   c - +0 helmet
rElec   +          Harm     .   h - +0 cloak
rCorr   +          Rampage  .   (no gloves)
Will    .....                   (no boots)
Stlth   +.........              (no amulet)
HPRegen 0.09/turn               (no ring)
MPRegen 0.08/turn               (no ring)

@: resistant, slowed, very slow
A: (nimble swimmer 2), mertail
a: no special abilities


You were on level 2 of the Dungeon.
You visited 1 branch of the dungeon, and saw 2 of its levels.

You collected 58 gold pieces.

Inventory:

Hand Weapons
 a - a +0 long sword (weapon)
 i - the +5 hand axe of the Valley of Death {distort, rCorr Dex+5}
   (You found it on level 2 of the Dungeon)

   It warps and distorts space around it, and may blink, banish, or inflict
   extra damage upon those it strikes.
   Unwielding it can cause banishment or high damage.
   Dex:       It affects your dexterity (+5).
   rCorr:     It protects you from acid and corrosion.
Missiles
 d - 3 throwing nets (quivered)
 e - a javelin
Armour
 b - a +0 leather armour (worn)
 c - a +0 helmet (worn)
 h - a +0 cloak (worn)
Scrolls
 j - a scroll of magic mapping {unknown}
Potions
 f - a potion of curing
 g - a potion of resistance


   Skills:
 - Level 2.1 Fighting
 + Level 5.4 Long Blades
 - Level 2.0 Throwing
 - Level 4.0 Dodging


You had 2 spell levels left.
You didn't know any spells.
Your spell library contained the following spells:

 Spells                   Type           Power      Damage    Failure   Level
 Static Discharge         Conj/Air       0%         N/A       65%         2
 Dispel Undead            Necr           0%         3d6       99%         4
 Sticky Flame             Conj/Fire      0%         2d3       99%         4


Dungeon Overview and Level Annotations

Branches:
Dungeon (2/15)

Altars:

Annotations:
D:2 Natasha


Innate Abilities, Weirdness & Mutations

((You are very nimble when in or above water. (Stealth+, EV+, Speed+++)))
Your lower body shifts to a powerful aquatic tail in water.


Message History

The adder barely misses you.
It was a potion of resistance.
You feel protected. The adder barely misses you. Natasha claws you.
* * * LOW HITPOINT WARNING * * *
The adder barely misses you.
It was a potion of curing.
You feel better. Natasha claws you. The adder barely misses you.
Natasha casts a spell.
The adder bites you but does no damage.
You hit Natasha but do no damage. The adder closely misses you.
Natasha claws you.
* * * LOW HITPOINT WARNING * * *
The shadow imp misses you. The adder closely misses you.
You slash the shadow imp!
The shadow imp is almost dead.
Natasha closely misses you.
The shadow imp hits you but does no damage.
The adder closely misses you. Natasha barely misses you.
The shadow imp hits you but does no damage.
The adder bites you but does no damage.
You hit the shadow imp.
You kill the shadow imp!
The shadow imp disappears in a puff of smoke!
The adder bites you but does no damage. Natasha closely misses you.
The adder bites you but does no damage.
Natasha mumbles some strange words.
You hit the crimson imp.
The crimson imp is lightly wounded.
The adder bites you but does no damage. Natasha claws you.
* * * LOW HITPOINT WARNING * * *
The crimson imp blinks!
The adder bites you.
* * * LOW HITPOINT WARNING * * *
You closely miss Natasha. The adder barely misses you.
Natasha barely misses you. The adder bites you but does no damage.
Natasha casts a spell.
You slash Natasha!
Natasha is severely wounded.
The adder misses you. Natasha claws you!
You die...

≈≈####...#
##.## #.#
#.# #####
#.#
###...###
#.#
##.......#
#5#
#8...8....
#5#
#_.......8
#@#
#8...8.)..
#....Sh#
##.....).#
....###.#
###...###
#. ...
##### ...
### ....#
... ....#
#.# #....#
#.#


You could see Natasha, a crimson imp (summoned), an adder and a shadow imp
(summoned).

Vanquished Creatures
  3 bats
  4 endoplasms
  2 giant cockroaches (D:2)
  8 goblins (D:2)
  7 hobgoblins
  3 kobolds
  3 quokkas
  2 ball pythons
  2 frilled lizards
34 creatures vanquished.

Notes
Turn   | Place    | Note
-------+----------+-------------------------------------------
     0 | D:1      | Bruhh the Merfolk Gladiator began the quest for the Orb.
     0 | D:1      | Reached XP level 1. HP: 16/16 MP: 1/1
   339 | D:1      | Reached skill level 4 in Long Blades
   394 | D:1      | Reached XP level 2. HP: 19/22 MP: 2/2
   758 | D:2      | Identified the +5 hand axe of the Valley of Death {distort,
                  | rCorr Dex+5}
  1070 | D:2      | Reached skill level 5 in Long Blades
  1070 | D:2      | Reached XP level 3. HP: 27/27 MP: 3/3
  1370 | D:2      | Found a faded altar of an unknown god.
  1532 | D:2      | Noticed Natasha
  1550 | D:2      | Slain by Natasha

Illustrated notes

Levels and vault maps discovered:
D:1:      lemuel_arrival_behind_the_door_small, layout_loops_cross
D:2:      layout_loops_ring, hellmonk_ecumenical_altar_prayer_group,
          chequers_serial_rivers_large_a, minmay_goblin_outpost,
          uniq_crazy_yiuf_cottage, uniq_natasha

Skill      XL: |  1  2 |
---------------+-------+-----
Long Blades    | 4 5 |  5.4
Fighting       | |  2.1
Throwing       | |  2.0
Dodging        | |  4.0

Action                   || total
-------------------------++-------
Melee: Long sword        ||   122
       Tailslap          ||     2
  Use: Potion            ||     2
Armor: Leather armour    ||    59
Dodge: Dodged            ||   146

Table legend: (Time is in decaauts)
 A = Elapsed time spent in this place.
 B = Non-inter-level travel time spent in this place.
 C = Inter-level travel time spent in this place.
 D = Time resting spent in this place.
 E = Time spent auto-exploring this place.
 F = Levels seen in this place.
 G = Mean time per level.
                   A        B        C        D        E       F      G
               +--------+--------+--------+--------+--------+-----+--------+
         Total |   1574 |   1548 |     26 |      0 |   1250 |   2 |  787.0 |
       Dungeon |   1574 |   1548 |     26 |      0 |   1250 |   2 |  787.0 |
               +--------+--------+--------+--------+--------+-----+--------+

Top non-repeatable levels by time:
     D:2: 815 daAuts
     D:1: 758 daAuts
